 Dungeon Crawl Stone Soup version 0.30-a0-360-g447f08457e (webtiles) character file.

Game seed: 4278121300218605785

322 lesbiats the Ruffian (level 6, -3/61 HPs)
             Began as a Troll Fighter on Nov 14, 2022.
             Killed from afar by Crazy Yiuf (16 damage)
             ... with a bolt of light
             ... on level 2 of the Dungeon.
             The game lasted 00:05:12 (1224 turns).

lesbiats the Ruffian (Troll Fighter)                Turns: 1224, Time: 00:05:13

Health: -3/61      AC:  4    Str: 29    XL:     6   Next: 22%
Magic:  5/5        EV:  8    Int:  6    God:
Gold:   21         SH:  0    Dex:  9    Spells: 5/5 levels left

rFire   . . .      SeeInvis .    j - +10 trident of the Fortifying Badger {venom, Str+4}
rCold   . . .      Faith    .    b - +0 kite shield
rNeg    . . .      Spirit   .    a - +0 robe
rPois   .          Reflect  +    (helmet restricted)
rElec   .          Harm     .    (no cloak)
rCorr   .          Rampage  .    (gloves unavailable)
Will    .....                    (boots unavailable)
Stlth   +.........               n - amulet of reflection
HPRegen 1.10/turn                (no ring)
MPRegen 0.09/turn                (no ring)

@: confused
A: large, unfitting armour, claws 3, regeneration 1, shaggy fur 1, tough skin 1
a: no special abilities


You were on level 2 of the Dungeon.
You visited 1 branch of the dungeon, and saw 2 of its levels.
You visited the Abyss 1 time.

You collected 77 gold pieces.
You spent 56 gold pieces at shops.

Inventory:

Hand Weapons
 j - the +10 trident of the Fortifying Badger (weapon) {venom, Str+4}
   (You took it off a hobgoblin on level 2 of the Dungeon)

   It poisons the flesh of those it strikes.
   Str:       It affects your strength (+4).
Missiles
 d - 3 boomerangs (quivered)
Armour
 a - a +0 robe (worn)
 b - a +0 kite shield (worn)
Jewellery
 n - an amulet of reflection (around neck)
Scrolls
 f - 2 scrolls of identify {unknown}
 h - 3 scrolls of teleportation {unknown}
 i - 2 scrolls of immolation {unknown}
 k - a scroll of brand weapon {unknown}
 p - a scroll of enchant weapon {unknown}
 q - a scroll of silence {unknown}
Potions
 c - a potion of might
 e - a potion of heal wounds {unknown}
 g - a potion of invisibility {unknown}
 l - a potion of berserk rage {unknown}
 m - a potion of magic {unknown}
 o - a potion of brilliance {unknown}


   Skills:
 + Level 3.5 Fighting
 - Level 2.4 Dodging
 + Level 3.9 Shields
 * Level 4.9 Unarmed Combat


You had 5 spell levels left.
You didn't know any spells.
Your spell library contained the following spells:

 Spells                   Type           Power      Damage    Failure   Level
 Summon Small Mammal      Summ           0%         N/A       75%         1
 Call Canine Familiar     Summ           0%         N/A       98%         3
 Summon Guardian Golem    Hex/Summ       0%         N/A       98%         3


Dungeon Overview and Level Annotations

Branches:
Dungeon (2/15)

Altars:
Ru

Shops:
D:1 *   D:2 !

Annotations:
D:2 Crazy Yiuf


Innate Abilities, Weirdness & Mutations

You are too large for most types of armour.
You have claws for hands.
Your natural rate of healing is unusually fast.
You are covered in fur. (AC +1)
You have tough skin. (AC +1)


Message History

You are too injured to fight recklessly!
You are too injured to fight recklessly!
You hit the small abomination.
The small abomination is heavily damaged.
You block the small abomination's attack.
You puncture the small abomination!
The small abomination is severely damaged.
The small abomination misses you.
You block the small abomination's attack.
You hit the small abomination.
You destroy the small abomination!
You have reached level 6!
You feel stronger.
You start resting.
A sixfirhy comes into view.
An ufetubus comes into view.
The ufetubus shouts!
The ufetubus hits you but does no damage.
The ufetubus hits you.
A large abomination comes into view.
You block the ufetubus's attack. x2
You puncture the ufetubus!
You kill the ufetubus!
The substance of the Abyss twists violently, and a gateway leading out appears!
There is a gateway leading out of the Abyss here.
You pass through the gate.
Welcome back to the Dungeon!
Level annotation: Crazy Yiuf Crazy Yiuf zaps a wand.
The bolt of light hits you!
Crazy Yiuf laughs, "Citrus!
Cod sanguine pizzabubble."
Crazy Yiuf zaps a wand.
The bolt of light hits you!
You are confused.
* * * LOW HITPOINT WARNING * * *
Crazy Yiuf zaps a wand.
The bolt of light hits you!
You are more confused.
* * * LOW HITPOINT WARNING * * *
You feel better.
Crazy Yiuf zaps a wand.
The bolt of light hits you!
You are confused.
You die...

##### #.# #.. ###### ### #....# #
###############.####
...>..(.........# ###♣♣♣♣♣
####.##########.###....♣.♣♣♣ ###
#.# #.##......♣..♣#...# #.#
#.@..g.♣.♣♣♣♣.g...# #.#
####....♣♣ ♣♣#..)# #.# ####♣♣ ###
#.# ####.## .##...# ### #######
......# ##.## #########.....##
.##...# ##.#.####..............##
####.####.###.....#######........


You could see Crazy Yiuf.

Vanquished Creatures
  Sigmund (D:2)
  A small abomination (Abyss:1)
  Jessica (D:2)
  3 adders (D:2)
  An ufetubus (Abyss:1)
  A worm (D:2)
  A dart slug (D:1)
  5 ball pythons
  6 bats
  2 endoplasms
  2 giant cockroaches (D:1)
  4 goblins (D:1)
  4 hobgoblins
  2 jackals (D:2)
  2 quokkas (D:1)
  2 frilled lizards
  4 kobolds
  A rat (D:1)
43 creatures vanquished.

Notes
Turn   | Place    | Note
-------+----------+-------------------------------------------
     0 | D:1      | lesbiats the Troll Fighter began the quest for the Orb.
     0 | D:1      | Reached XP level 1. HP: 22/22 MP: 0/0
   131 | D:1      | Reached XP level 2. HP: 29/29 MP: 1/1
   357 | D:1      | Found Joneupt's Assorted Antiques.
   365 | D:1      | Bought a scroll labelled MUSEUF VEADWUL for 23 gold pieces
   492 | D:2      | Reached XP level 3. HP: 26/36 MP: 2/2
   496 | D:2      | Identified the +10 trident of the Fortifying Badger {venom,
                  | Str+4}
   513 | D:1      | Reached skill level 3 in Unarmed Combat
   575 | D:2      | Noticed Sigmund
   578 | D:2      | Killed Sigmund
   579 | D:2      | Reached skill level 4 in Unarmed Combat
   579 | D:2      | Reached XP level 4. HP: 24/45 MP: 3/3
   579 | D:2      | Reached XP level 5. HP: 28/53 MP: 4/4
   708 | D:2      | Found a sacrificial altar of Ru.
   749 | D:2      | Noticed Jessica
   752 | D:2      | Killed Jessica
   911 | D:2      | Found Arucw's Distillery.
   921 | D:2      | Bought a potion of curing for 33 gold pieces
  1002 | D:2      | Found a runed translucent door.
  1003 | D:2      | Noticed Crazy Yiuf
  1149 | Abyss:1  | Cast into level 1 of the Abyss (Crazy Yiuf)
  1194 | Abyss:1  | Reached XP level 6. HP: 19/61 MP: 5/5
  1195 | Abyss:1  | Noticed a sixfirhy
  1205 | Abyss:1  | Noticed a large abomination
  1209 | D:2      | Escaped the Abyss
  1224 | D:2      | Killed from afar by Crazy Yiuf

Illustrated notes

Levels and vault maps discovered:
D:1:      dpeg_arrival_fog, layout_rooms, serial_shops, shop_statue
D:2:      layout_loops_ring, basic_altar, serial_shops,
          nicolae_shop_hallway_plus, uniq_crazy_yiuf_cottage, uniq_sigmund,
          uniq_jessica

Skill      XL: |  1  2  3 |
---------------+----------+-----
Shields        | 3 |  3.9
Unarmed Combat | 4 |  4.9
Fighting       | 3 |  3.5
Dodging        | |  2.4

Action                   |  1- 3 |  4- 6 || total
-------------------------+-------+-------++-------
Melee: Unarmed           |    71 |       ||    71
       Trident           |     3 |    38 ||    41
  Use: Potion            |       |     1 ||     1
Armor: Robe              |    31 |     7 ||    38
Dodge: Dodged            |    35 |     6 ||    41
Block: Kite shield       |    39 |    20 ||    59

Table legend: (Time is in decaauts)
 A = Elapsed time spent in this place.
 B = Non-inter-level travel time spent in this place.
 C = Inter-level travel time spent in this place.
 D = Time resting spent in this place.
 E = Time spent auto-exploring this place.
 F = Levels seen in this place.
 G = Mean time per level.
                   A        B        C        D        E       F      G
               +--------+--------+--------+--------+--------+-----+--------+
         Total |   1247 |   1136 |    111 |     36 |    721 |   3 |  415.7 |
       Dungeon |   1183 |   1072 |    111 |     34 |    721 |   2 |  591.5 |
         Abyss |     63 |     63 |      0 |      2 |      0 |   1 |   63.0 |
               +--------+--------+--------+--------+--------+-----+--------+

Top non-repeatable levels by time:
     D:2: 687 daAuts
     D:1: 496 daAuts
 Abyss:1: 63 daAuts
